Map: 16 bits EC

Players

HoldTheDoor

  • Race: Protoss Protoss
  • League: Diamond
  • Spawn Location: 1:00

Shadowfall - Winner!

  • Race: Zerg Zerg
  • League: Diamond
  • Spawn Location: 7:00

VOD

Have the link to the VOD?

Description

Time

  • Played on: July 11, 2018, 9:54 a.m.
  • Length: 9:29
Show
View Real Time Build Order
Export as new Build Order

HoldTheDoor Protoss 

Build Orders: 1 Gate Expand 

Get SALT Encoding   

  12  0:01  Probe  
  13  0:13  Probe  
  14  0:18  Pylon  
  14  0:25  Probe  
  15  0:36  Probe  
  15  0:40  Gateway  
  16  0:46  Probe  
  16  0:47  Assimilator  
  16  0:54  Probe  
  18  1:05  Probe  
  19  1:35  Nexus  
  19  1:36  Cybernetics Core  
  19  1:42  Probe  
  19  1:46  Assimilator  
  20  1:53  Pylon  
  20  1:55  Probe  
  21  2:07  Probe  
  22  2:13  Adept  
  22  2:15  Warp Gate  
  24  2:20  Probe  
  25  2:32  Probe  
  25  2:36  Gateway  
  26  2:42  Twilight Council  
  26  2:43  Sentry  
  28  2:54  Probe x2  
  30  3:01  Pylon  
  30  3:06  Probe x2  
  30  3:11  Adept  
  34  3:18  Probe, Resonating Glaives  
  35  3:20  Probe  
  36  3:30  Probe  
  36  3:32  Probe  
  38  3:41  Gateway  
  38  3:42  Probe  
  38  3:44  Probe  
  38  3:47  Pylon  
  40  3:54  Probe  
  41  3:56  Probe  
  41  3:59  Pylon  
  42  4:06  Robotics Facility, Probe  
  43  4:10  Pylon  
  43  4:12  Probe  
  44  4:18  Probe  
  44  4:19  Sentry x2  
  50  4:24  Probe  
  50  4:26  Gateway  
  50  4:31  Gateway  
  50  4:37  Gateway  
  50  4:43  Warp Prism  
  50  4:52  Gateway  
  50  4:54  Gateway  
  50  4:58  Pylon  
  52  5:10  Pylon  
  52  5:11  Pylon x2  
  52  5:12  Pylon  
  52  5:13  Adept  
  54  5:14  Immortal  
  54  5:15  Adept  
  56  5:26  Probe  
  61  5:32  Adept  
  61  5:35  Adept x2  
  67  5:39  Adept  
  67  5:41  Sentry  
  71  5:49  Adept  
  73  5:51  Immortal  
  73  5:52  Adept x2  
  73  5:53  Adept  
  83  6:41  Pylon  
  83  6:42  Pylon  
  83  6:43  Pylon  
  85  6:47  Observer  
  84  7:07  Adept x6  
  84  7:08  Adept x2  
  98  7:28  Adept x4  
  80  7:40  Adept x4  
  52  7:54  Immortal  
  52  7:57  Stalker x2  
  60  8:01  Zealot  
  60  8:02  Zealot x4  
  60  8:03  Zealot  
  72  8:12  Assimilator  
  72  8:15  Assimilator  
  62  8:22  Stalker x2  
  62  8:23  Stalker  
  64  8:33  Zealot x3  
  64  8:34  Zealot x2  
  72  8:39  Immortal  
  72  8:40  Probe  
  73  8:59  Zealot x3  
  73  9:00  Zealot x5  
  55  9:23  Zealot  
  55  9:24  Zealot x5  
  49  9:25  Zealot  
Show
View Real Time Build Order
Export as new Build Order

Shadowfall Zerg - Winner!

Build Orders: Hatch First 

Get SALT Encoding   

  12  0:01  Drone  
  13  0:13  Overlord  
  13  0:18  Drone  
  14  0:32  Drone x2  
  16  0:37  Drone  
  17  0:56  Hatchery  
  16  0:59  Extractor  
  16  1:01  Drone  
  16  1:22  Spawning Pool  
  16  1:25  Drone  
  16  1:29  Drone  
  17  1:37  Drone  
  17  1:38  Drone  
  19  1:47  Overlord  
  19  2:00  Drone  
  20  2:08  Queen  
  20  2:13  Queen  
  24  2:23  Zergling x4  
  24  2:24  Zergling x2  
  24  2:27  Drone  
  28  2:33  Drone x2  
  30  2:40  Drone  
  30  2:43  Metabolic Boost  
  31  2:50  Drone  
  32  2:51  Drone  
  32  2:55  Overlord  
  33  3:12  Hatchery  
  32  3:23  Drone  
  32  3:24  Drone x4  
  37  3:29  Drone x2  
  39  3:35  Drone x2  
  41  3:42  Roach Warren  
  41  3:44  Extractor  
  39  3:50  Overlord x2  
  39  4:11  Drone x3  
  39  4:12  Drone x4  
  46  4:22  Lair  
  47  4:24  Drone x3  
  47  4:30  Queen  
  51  4:32  Roach x3  
  51  4:34  Overlord  
  57  4:46  Overlord  
  57  4:50  Evolution Chamber  
  57  4:51  Roach  
  57  4:53  Roach x2, Overlord  
  57  4:55  Overlord  
  57  4:56  Drone  
  62  5:03  Drone x2  
  62  5:05  Spore Crawler  
  63  5:07  Spore Crawler  
  63  5:10  Spore Crawler  
  63  5:11  Ravager, Drone x3  
  65  5:14  Roach  
  65  5:19  Roach  
  65  5:20  Roach  
  73  5:21  Roach  
  73  5:23  Glial Reconstitution  
  73  5:28  Roach  
  75  5:29  Roach  
  77  5:36  Roach x3  
  77  5:38  Roach  
  77  5:41  Zerg Missile Weapons Level 1  
  85  5:44  Drone x2  
  87  5:50  Overlord x2  
  87  5:56  Roach  
  89  5:58  Extractor, Drone  
  89  6:03  Overlord  
  89  6:04  Overlord  
  89  6:08  Roach  
  89  6:09  Roach x4  
  89  6:11  Roach  
  98  6:22  Drone  
  98  6:23  Drone x3  
  101  6:31  Roach x5  
  111  6:42  Roach x2  
  111  6:43  Drone x3  
  111  6:46  Extractor  
  117  6:48  Spine Crawler  
  116  6:54  Roach x3  
  120  7:05  Overlord x2  
  120  7:08  Overlord  
  120  7:14  Hydralisk Den  
  120  7:15  Drone x2  
  96  7:37  Roach  
  96  7:38  Roach x4  
  104  7:45  Roach x2  
  104  7:46  Roach x6  
  118  7:52  Roach  
  120  7:59  Drone x2  
  120  8:00  Drone  
  120  8:03  Grooved Spines  
  123  8:19  Hatchery  
  120  8:24  Ravager x2  
  120  8:25  Ravager x2  
  124  8:32  Ravager  
  125  8:36  Drone  
  125  8:37  Drone x5  
  125  8:38  Drone  
  132  8:44  Extractor  
  132  8:45  Extractor  
  132  8:48  Overlord x2, Drone x3  
Tags
 
Add a new tag
Caveats
  • Supply blocks, unpowered buildings, or Contaminate may cause inaccurate times.
  • Supply counts are checked every 10 seconds.